 Dungeon Crawl Stone Soup version 0.31-a0-1164-geb876a39b7 (webtiles) character file.

Game seed: 12218037420374112949

15591 inmateoo the Grappler (level 12, -8/120 HPs)
             Began as a Troll Monk on Dec 9, 2023.
             Was an Initiate of Gozag.
             Mangled by a large slime creature (18 damage)
             ... on level 11 of the Dungeon.
             The game lasted 00:12:50 (9945 turns).

inmateoo the Grappler (Troll Monk)                  Turns: 9945, Time: 00:12:51

Health: -8/120     AC: 10    Str: 22    XL:     12   Next: 2%
Magic:  0/14       EV: 18    Int:  6    God:    Gozag
Gold:   1962       SH:  0    Dex: 16    Spells: 10/15 levels left

rFire   . .          .
                       - Unarmed
rCold   . . .        c - orb {light}
rNeg    . . .        x - +1 steam dragon scales
rPois   .            I - +0 hat
rElec   .            l - +0 cloak
rCorr   .            (gloves unavailable)
SInv    .            (boots unavailable)
Will    +....        t - amulet of guardian spirit
Stlth   +            q - ring of willpower
HPRegen 1.20/turn    D - +5 ring of evasion
MPRegen 0.14/turn

%: guardian spirit
@: gold aura, glowing
A: large, unfitting armour, claws 3, regeneration 1, shaggy fur 1, tough skin 1
a: Renounce Religion, Potion Petition, Call Merchant, Bribe Branch


You were on level 11 of the Dungeon.
You worshipped Gozag.
Gozag was most pleased with you.
You visited 2 branches of the dungeon, and saw 13 of its levels.

You collected 2071 gold pieces.
You spent 109 gold pieces at shops.

Inventory:

Hand Weapons
 G - a +6 scimitar of flaming
Armour
 c - an orb of light (worn)
 l - a +0 cloak (worn)
 x - +1 steam dragon scales (worn)
 I - a +0 hat (worn)
Jewellery
 p - a ring of ice
 q - a ring of willpower (left claw)
 s - a ring of positive energy
 t - an amulet of guardian spirit (around neck)
 B - an amulet of reflection
 D - a +5 ring of evasion (right claw)
 K - the ring of Icotegym {Fire rElec rPois Dex-4 Stlth-}
   (You found it on level 11 of the Dungeon)

   [ring of fire]

   Fire:      It enhances your fire magic.
   Dex-4:     It affects your dexterity (-4).
   rF+:       It protects you from fire.
   rC-:       It makes you vulnerable to cold.
   rElec:     It insulates you from electricity.
   rPois:     It protects you from poison Stlth-: It makes you less stealthy.
Talismans
 u - a maw talisman
 J - a serpent talisman
Wands
 a - a wand of flame (37)
 w - a wand of roots (11)
 y - a wand of polymorph (8)
 E - a wand of charming (2)
Scrolls
 e - 3 scrolls of summoning
 f - 4 scrolls of amnesia
 i - 5 scrolls of teleportation
 m - 3 scrolls of poison
 r - 2 scrolls of blinking
 C - a scroll of fog
 H - 2 scrolls of revelation
Potions
 b - 3 potions of ambrosia
 d - 2 potions of might
 g - a potion of resistance
 h - 2 potions of brilliance
 j - 2 potions of curing
 k - 4 potions of heal wounds
 n - 2 potions of cancellation
 o - 3 potions of attraction
 v - 2 potions of enlightenment
 z - a potion of lignification
 A - a potion of invisibility {unknown}
 F - a potion of haste {unknown}


   Skills:
 * Level 8.2 Fighting
 + Level 4.1 Armour
 + Level 7.0 Dodging
 * Level 11.5 Unarmed Combat
 + Level 2.3 Spellcasting
 - Level 2.0 Transmutations
 - Level 2.0 Air Magic
 + Level 7.0 Shapeshifting


You had 10 spell levels left.
You knew the following spells:

 Your Spells              Type           Power      Damage    Failure   Level
a - Wereblood             Tmut           3%         N/A       26%         2
b - Swiftness             Air            3%         N/A       47%         3

Your spell library contained the following spells:

 Spells                   Type           Power      Damage    Failure   Level
 Shock                    Conj/Air       4%         1d3       26%         1
 Passwall                 Tmut/Erth      0%         N/A       38%         2
 Ensorcelled Hibernation  Hex/Ice        0%         N/A       52%         2
 Sublimation of Blood     Necr           0%         N/A       52%         2
 Airstrike                Air            1%         2d(1-17)  87%         4
 Brom's Barrelling Bould  Conj/Erth      0%         2d3       99%         4
 Borgnjor's Vile Clutch   Necr/Erth      0%         N/A       100%        5
 Fireball                 Conj/Fire      0%         3d3       100%        5
 Iskenderun's Battlesphe  Conj           0%         2d6       100%        5
 Conjure Ball Lightning   Conj/Air       0%         3x3d6     100%        6
 Death Channel            Necr           0%         N/A       100%        6
 Orb of Destruction       Conj           0%         9d5       100%        7
 Summon Hydra             Summ           0%         N/A       100%        7
 Animate Dead             Necr           Unusable   N/A       N/A         4

Dungeon Overview and Level Annotations

Branches:
Dungeon (12/15)            Temple (1/1) D:7            Lair (0/5) D:8
    Orc (0/2) D:11

Altars:
Ashenzari
Cheibriados
Dithmenos
Elyvilon
Fedhas
Gozag
Hepliaklqana
Kikubaaqudgha
Makhleb
Nemelex Xobeh
Okawaru
Qazlal
Ru
Sif Muna
Trog
Uskayaw
Vehumet
Wu Jian
Xom
Yredelemnul
Zin
The Shining One

Shops:
D:2 !*   D:6 (??**   D:8 [   D:10 [


Innate Abilities, Weirdness & Mutations

You are too large for most types of armour.
You have claws for hands.
Your natural rate of healing is unusually fast.
You are covered in fur. (AC +1)
You have tough skin. (AC +1)


Message History

You climb upwards.
There is a stone staircase leading down, spattered with blood here.
You mangle the slime creature!!
The slime creature is severely wounded.
You claw the slime creature!
The slime creature is almost dead.
The slime creature hits you but does no damage. x2
Two slime creatures merge to form a large slime creature.
You claw the slime creature!
You kill the slime creature!
You claw the large slime creature!
The large slime creature is lightly wounded.
The large slime creature barely misses you.
You claw the large slime creature!
The large slime creature is moderately wounded.
The large slime creature misses you.
You claw the large slime creature!
The large slime creature is moderately wounded.
You claw the large slime creature!
The large slime creature is heavily wounded.
The large slime creature hits you!!
You mangle the large slime creature!!
The large slime creature is heavily wounded.
The large slime creature hits you!!
You are too injured to fight recklessly!
You mangle the large slime creature!!
The large slime creature is severely wounded.
The large slime creature hits you but does no damage.
You are too injured to fight recklessly!
You mangle the large slime creature!!
The large slime creature is almost dead.
The large slime creature hits you!!
* * * LOW HITPOINT WARNING * * *
You scratch the large slime creature but do no damage.
The large slime creature is almost dead.
You scratch the large slime creature.
The large slime creature is almost dead.
The large slime creature hits you!!
You die...
Your body crumbles into a pile of gold.

#..# #.# #.#.# #... #..######
#.####.#.# #.#. ........#
#.##...#.######.## #..####.#
#.##.##........... #...[...#
#....>...######.#. #.####..#
#.#####..# #.#. #.# #..# #.# #..#
####.#. #.# #..# #$# #..# #......
#.# #..###### #@# #.## #.#....
..# #.......# #J#####.# #.#....
#######.####.###.......# ##.#....
..................#.##.###.......
########.##.#####.#.....)........
#.##.#####.##.............
#.##.....#.##.####.###...# #
#####.##.....#....####........ #
#............................#


You could see a large slime creature.

Vanquished Creatures
  Fannar (D:10)
  Erica (D:10)
  A two-headed ogre (D:11)
  Lodul (D:10)
  2 ugly things (D:11)
  5 elephants
  Maggie (D:6)
  Jeremiah (D:8)
  A komodo dragon (D:12)
  4 slime creatures (D:11)
  A shadow (D:9)
  A vampire (D:11)
  A wraith (D:10)
  A wyvern (D:11)
  Eustachio (D:6)
  2 basilisks (D:8)
  23 yaks
  2 vampire mosquitoes (D:11)
  2 acid dragons
  3 orc warriors
  2 ice beasts
  2 sky beasts
  3 black bears
  7 ogres
  A phantom (D:6)
  7 centaurs
  3 kobold brigands
  3 bullfrogs
  7 wights (D:8)
  5 howler monkeys
  7 hounds
  2 gnoll boudas
  7 orc priests
  3 jellies
  4 iguanas
  10 orc wizards
  Natasha (thrice) (D:2)
  36 gnolls
  9 adders
  2 white imps
  6 ufetubi
  A worm (D:5)
  2 dart slugs
  56 orcs
  7 endoplasms
  2 giant cockroaches
  7 goblins
  7 hobgoblins
  14 jackals
  19 kobolds
  A quokka (D:2)
  10 ball pythons
  7 bats
  6 frilled lizards
  5 rats
328 creatures vanquished.

Vanquished Creatures (collateral kills)
  An ogre (D:10)
1 creature vanquished.

Vanquished Creatures (others)
  2 ogres (D:10)
2 creatures vanquished.

Grand Total: 331 creatures vanquished

Notes
Turn   | Place    | Note
-------+----------+-------------------------------------------
     0 | D:1      | inmateoo the Troll Monk began the quest for the Orb.
     0 | D:1      | Reached XP level 1. HP: 22/22 MP: 0/0
    44 | D:1      | Reached XP level 2. HP: 29/29 MP: 1/1
   294 | D:1      | Reached XP level 3. HP: 36/36 MP: 2/2
   581 | D:1      | Reached skill level 1 in Shapeshifting
   610 | D:2      | Found Ryffayw's Assorted Antiques.
   623 | D:2      | Bought a scroll labelled ZUVVAL FEONG for 31 gold pieces
   843 | D:2      | Reached XP level 4. HP: 44/44 MP: 3/3
   910 | D:2      | Reached skill level 4 in Unarmed Combat
   929 | D:2      | Found a faded altar of an unknown god.
   949 | D:2      | Noticed Natasha
   960 | D:2      | Killed Natasha
  1155 | D:2      | Found Wemueq's Distillery.
  1166 | D:2      | Bought a potion of curing for 36 gold pieces
  1203 | D:2      | Reached XP level 5. HP: 53/53 MP: 4/4
  1424 | D:2      | Noticed Natasha
  1436 | D:2      | Killed Natasha
  1537 | D:3      | You fall into a shaft and drop 2 floors!
  1537 | D:5      | Entered Level 5 of the Dungeon
  1641 | D:5      | Noticed a black bear
  1649 | D:5      | Killed a black bear
  1650 | D:5      | Reached XP level 6. HP: 50/61 MP: 5/5
  1670 | D:5      | Reached skill level 5 in Unarmed Combat
  1801 | D:5      | Noticed an ice beast
  1820 | D:5      | Killed an ice beast
  1855 | D:5      | Reached XP level 7. HP: 67/67 MP: 6/6
  2162 | D:5      | Reached skill level 6 in Unarmed Combat
  2440 | D:5      | Reached XP level 8. HP: 60/78 MP: 7/7
  2755 | D:6      | Found Wifietal's Magic Scroll Boutique.
  2755 | D:6      | Found Asedwumoto's Magic Scroll Boutique.
  2755 | D:6      | Found Efietioc's Weapon Boutique.
  2775 | D:6      | Noticed Eustachio
  2784 | D:6      | Found a burning altar of Makhleb.
  2786 | D:6      | Killed Eustachio
  2788 | D:6      | Noticed a balrug
  2848 | D:6      | Reached skill level 7 in Unarmed Combat
  2891 | D:6      | Found Urynuh's Specific Store.
  2895 | D:6      | Found Uwucud's General Store.
  2906 | D:6      | Bought a potion of lignification for 42 gold pieces
  3247 | D:6      | Noticed Maggie
  3261 | D:6      | Killed Maggie
  3262 | D:6      | Reached skill level 5 in Fighting
  3262 | D:6      | Reached skill level 5 in Dodging
  3262 | D:6      | Reached skill level 8 in Unarmed Combat
  3262 | D:6      | Reached XP level 9. HP: 41/88 MP: 8/8
  3452 | D:6      | Found a glowing silver altar of Zin.
  3452 | D:6      | Noticed an angel
  3594 | D:4      | Found a hide-covered altar of Uskayaw.
  4637 | D:2      | Noticed Natasha
  4640 | D:2      | Killed Natasha
  5281 | D:7      | Found a staircase to the Ecumenical Temple.
  5294 | Temple   | Entered the Ecumenical Temple
  5318 | Temple   | Became a worshipper of Gozag Ym Sagoz the Greedy
  5415 | D:7      | Reached skill level 5 in Shapeshifting
  5726 | D:7      | Reached skill level 9 in Unarmed Combat
  6342 | D:8      | Found Mefovah's Armour Boutique.
  6354 | D:8      | Reached skill level 1 in Armour
  6443 | D:8      | Found a staircase to the Lair.
  6443 | D:8      | Noticed an elephant
  6472 | D:8      | Killed an elephant
  6473 | D:8      | Reached XP level 10. HP: 62/98 MP: 5/9
  6566 | D:8      | Found a shimmering altar of Xom.
  6577 | D:8      | Learned a level 2 spell: Wereblood
  6581 | D:8      | Learned a level 3 spell: Swiftness
  6650 | D:8      | Reached skill level 10 in Unarmed Combat
  6697 | D:8      | Noticed Jeremiah
  6708 | D:8      | Killed Jeremiah
  7017 | D:9      | Found a radiant altar of Vehumet.
  7024 | D:9      | Noticed an elephant
  7025 | D:9      | Noticed an elephant
  7044 | D:9      | Killed an elephant
  7055 | D:9      | Killed an elephant
  7056 | D:9      | Reached skill level 1 in Transmutations
  7101 | D:9      | Reached skill level 1 in Air Magic
  7194 | D:9      | Noticed an elephant
  7213 | D:9      | Killed an elephant
  7214 | D:9      | Reached skill level 1 in Spellcasting
  7932 | D:9      | Noticed an elephant
  7942 | D:9      | Killed an elephant
  8036 | D:10     | Entered Level 10 of the Dungeon
  8039 | D:10     | Reached XP level 11. HP: 106/109 MP: 11/11
  8121 | D:10     | Noticed Lodul
  8182 | D:10     | Killed Lodul
  8333 | D:10     | Noticed Erica
  8340 | D:10     | Killed Erica
  8545 | D:10     | Reached skill level 11 in Unarmed Combat
  8564 | D:10     | Found a snail-covered altar of Cheibriados.
  8598 | D:10     | Found Woathech's Armour Shoppe.
  8672 | D:10     | Noticed Fannar
  8688 | D:10     | Killed Fannar
  9169 | D:11     | Found a blossoming altar of Fedhas.
  9201 | D:11     | Identified the ring of Icotegym {Fire rElec rPois Dex-4
                  | Stlth-}
  9474 | D:11     | Found a staircase to the Orcish Mines.
  9587 | D:12     | Noticed a two-headed ogre
  9604 | D:11     | Killed a two-headed ogre
  9640 | D:12     | Noticed a cyan ugly thing
  9640 | D:12     | Noticed a cyan ugly thing
  9653 | D:11     | Killed a cyan ugly thing
  9680 | D:11     | Killed a cyan ugly thing
  9855 | D:12     | Noticed a deep elf pyromancer
  9912 | D:11     | Reached XP level 12. HP: 103/120 MP: 11/14
  9945 | D:11     | Mangled by a large slime creature

Illustrated notes

Levels and vault maps discovered:
D:1:      dpeg_arrival_brainrot, layout_rooms, minivault_5
D:2:      layout_rooms, serial_corexii_hall, corexii_hall_statues_deadend,
          chequers_hall_statues_wall_a, corexii_hall_statues_t,
          chequers_hall_statues_y, serial_shops, shop, nicolae_lakefront_shop,
          shapermc_ecumenical_altar_mp_urbaneastern, uniq_natasha
D:3:      layout_basic
D:4:      layout_basic, eat_drink_and_be_merry_uskayaw
D:5:      lemuel_castle_with_subvaults [lemuel_castle_interior_carwin_1],
          layout_cave_pods
D:6:      layout_cave_pools, grunt_temple_overflow_order_and_chaos_2,
          nicolae_shop_distant_corner_stores, dk_vineyard_3,
          nicolae_specific_store, item_on_display_a, uniq_maggie, uniq_eustachio
D:7:      layout_loops_corners, minmay_temple_entry_waves
D:8:      layout_rooms, mainiacjoe_overflow_cross_hatched, david_lair_generic,
          serial_shops, nicolae_shop_temple_entry_statues_fountains,
          uniq_jeremiah
D:9:      wad_woods_stonehenge, layout_basic
D:10:     layout_roguey, nicolae_overflow_hidden_temple, serial_shops,
          nicolae_shop_stone, st_stairs_14, uniq_lodul, uniq_erica, uniq_fannar
D:11:     layout_loops_ring, orc_0_dummy, fedhas_altar_3
D:12:     layout_rooms, serial_shops, kennysheep_mini_moat
Temple:   nicolae_temple_bog_church

Skill      XL: |  1  2  3  4  5  6  7  8  9 10 11 |
---------------+----------------------------------+-----
Shapeshifting  | 1 2 3 4 5 6 7 |  7.0
Unarmed Combat | 4 5 6 8 9 10 11 | 11.5
Fighting       | 3 4 5 6 7 8 |  8.2
Dodging        | 3 4 5 6 7 |  7.0
Armour         | 1 2 4 |  4.1
Transmutations | 1 2 |  2.0
Air Magic      | 1 2 |  2.0
Spellcasting   | 1 2 |  2.3

Action                     |  1- 3 |  4- 6 |  7- 9 | 10-12 || total
---------------------------+-------+-------+-------+-------++-------
  Melee: Unarmed           |    88 |   112 |   426 |   364 ||   990
  Evoke: Wand              |       |       |     1 |    12 ||    13
    Use: Scroll            |     7 |       |     8 |     7 ||    22
         Potion            |       |       |     2 |       ||     2
   Stab: Distracted        |       |       |     1 |     1 ||     2
 Armour: Robe              |    53 |    58 |   166 |       ||   277
         Skin              |       |     2 |    15 |       ||    17
         Steam dragon scal |       |       |   147 |   225 ||   372
  Dodge: Dodged            |    37 |    71 |   233 |   198 ||   539

Table legend: (Time is in decaauts)
 A = Elapsed time spent in this place.
 B = Non-inter-level travel time spent in this place.
 C = Inter-level travel time spent in this place.
 D = Time resting spent in this place.
 E = Time spent auto-exploring this place.
 F = Levels seen in this place.
 G = Mean time per level.
                   A        B        C        D        E       F      G
               +--------+--------+--------+--------+--------+-----+--------+
         Total |   9815 |   9265 |    550 |    588 |   6541 |  13 |  755.0 |
       Dungeon |   9769 |   9239 |    530 |    588 |   6541 |  12 |  814.1 |
        Temple |     45 |     25 |     20 |      0 |      0 |   1 |   45.0 |
               +--------+--------+--------+--------+--------+-----+--------+

Top non-repeatable levels by time:
     D:5: 1237 daAuts
     D:9: 1064 daAuts
     D:4: 991 daAuts
     D:7: 956 daAuts
    D:11: 924 daAuts
     D:2: 869 daAuts
    D:10: 806 daAuts
     D:3: 783 daAuts
     D:6: 743 daAuts
     D:8: 663 daAuts
     D:1: 603 daAuts
    D:12: 124 daAuts
  Temple: 45 daAuts
